Map: New Richmond

Players

Azas - Winner!

  • Race: Protoss Protoss
  • League: Master
  • Spawn Location: 7:00

Jimothy - Winner!

  • Race: Terran Terran
  • League: Diamond
  • Spawn Location: 5:00

SunSeT - Winner!

  • Race: Protoss Protoss
  • League: Master
  • Spawn Location: 6:00

Loken

  • Race: Protoss Protoss
  • League: Platinum
  • Spawn Location: 11:00

dallaskuken

  • Race: Protoss Protoss
  • League: Platinum
  • Spawn Location: 3:00

Myran

  • Race: Protoss Protoss
  • Spawn Location: 12:00

VOD

Have the link to the VOD?

Description

Time

  • Played on: April 4, 2017, 4:52 p.m.
  • Length: 12:30
Show
View Real Time Build Order
Export as new Build Order

Azas Protoss - Winner!

Build Orders:  

Get SALT Encoding   

  12  0:00  Probe (Chrono Boost)  
  13  0:14  Probe (Chrono Boost)  
  13  0:19  Pylon  
  14  0:25  Probe (Chrono Boost)  
  15  0:37  Probe (Chrono Boost)  
  15  0:41  Gateway  
  16  0:48  Probe (Chrono Boost)  
  17  0:54  Assimilator  
  17  0:56  Assimilator  
  17  0:58  Probe (Chrono Boost)  
  18  1:08  Gateway  
  18  1:09  Probe (Chrono Boost)  
  19  1:23  Probe (Chrono Boost)  
  20  1:31  Cybernetics Core  
  20  1:34  Probe (Chrono Boost)  
  20  1:38  Pylon  
  21  1:44  Probe (Chrono Boost)  
  22  1:55  Warp Gate, Probe (Chrono Boost)  
  23  2:06  Probe (Chrono Boost)  
  23  2:08  Adept x2  
  28  2:33  Pylon  
  28  2:35  Adept  
  30  2:50  Pylon  
  32  2:54  Mothership Core (Chrono Boost)  
  31  3:29  Probe (Chrono Boost)  
  30  3:45  Adept  
  30  3:46  Adept  
  34  3:50  Nexus  
  34  3:52  Pylon  
  34  3:54  Robotics Facility  
  30  4:19  Probe (Chrono Boost)  
  30  4:23  Pylon  
  31  4:25  Gateway x2  
  31  4:27  Gateway  
  31  4:29  Sentry x2  
  36  4:31  Probe (Chrono Boost)  
  36  4:39  Observer  
  38  4:47  Probe (Chrono Boost)  
  38  4:59  Probe (Chrono Boost)  
  39  5:02  Warp Prism  
  39  5:05  Probe (Chrono Boost)  
  40  5:11  Probe (Chrono Boost)  
  43  5:15  Twilight Council  
  43  5:16  Gateway  
  43  5:17  Probe (Chrono Boost)  
  44  5:23  Probe (Chrono Boost)  
  44  5:28  Probe (Chrono Boost)  
  46  5:29  Stalker  
  46  5:31  Stalker  
  46  5:33  Sentry  
  46  5:35  Probe (Chrono Boost)  
  53  5:45  Immortal  
  53  5:49  Probe (Chrono Boost)  
  55  5:50  Probe (Chrono Boost)  
  59  6:03  Pylon  
  59  6:06  Pylon  
  59  6:08  Pylon  
  59  6:09  Adept x2  
  63  6:11  Adept  
  63  6:15  Adept  
  67  6:22  Immortal  
  67  6:26  Resonating Glaives  
  67  6:30  Sentry  
  73  6:35  Probe (Chrono Boost)  
  73  6:37  Probe (Chrono Boost)  
  65  6:54  Templar Archives  
  65  6:58  Assimilator, Probe (Chrono Boost)  
  66  7:01  Assimilator  
  66  7:11  Nexus  
  66  7:12  Pylon  
  66  7:23  Adept x2  
  66  7:24  Adept x3  
  66  7:28  Probe (Chrono Boost)  
  77  7:33  Psionic Storm  
  77  7:41  Probe (Chrono Boost)  
  77  7:43  Probe (Chrono Boost)  
  77  7:55  Probe (Chrono Boost)  
  78  8:01  Immortal  
  78  8:03  Adept x2  
  78  8:04  Adept x2  
  88  8:12  Probe (Chrono Boost)  
  90  8:13  Probe (Chrono Boost)  
  90  8:18  High Templar x2  
  94  8:22  Probe (Chrono Boost)  
  94  8:25  Probe (Chrono Boost)  
  96  8:30  Adept x2  
  96  8:32  High Templar  
  96  8:33  Probe (Chrono Boost)  
  103  8:38  Observer  
  88  9:11  Observer  
  88  9:12  Adept x4  
  83  9:30  Cybernetics Core  
  83  9:33  Gateway  
  83  9:35  Gateway  
  83  9:36  Gateway  
  83  9:37  Stalker x4  
  91  9:46  Probe x3 (Chrono Boost)  
  91  9:50  Assimilator  
  94  9:53  Assimilator  
  94  9:56  Probe (Chrono Boost)  
  94  9:57  Pylon  
  95  10:03  Probe x2 (Chrono Boost)  
  95  10:04  Stalker x3  
  95  10:05  Pylon  
  104  10:07  Probe (Chrono Boost)  
  104  10:12  Pylon  
  104  10:13  Probe (Chrono Boost)  
  104  10:14  High Templar, Probe (Chrono Boost)  
  106  10:17  Probe (Chrono Boost)  
  109  10:24  Probe x2 (Chrono Boost)  
  111  10:39  Stalker  
  111  10:40  Stalker x3  
  111  10:42  Probe (Chrono Boost)  
  120  10:43  Probe (Chrono Boost)  
  120  10:44  Probe (Chrono Boost)  
  122  11:00  High Templar x2  
  126  11:12  High Templar  
  126  11:14  Probe x2 (Chrono Boost)  
  128  11:31  High Templar  
  128  11:32  Stalker  
  117  11:50  Adept x4  
  123  12:01  Probe x2 (Chrono Boost)  
  123  12:02  Probe (Chrono Boost)  
  123  12:03  High Templar x2  
  113  12:19  High Templar, Stalker  
  113  12:20  Stalker x2  
  122  12:29  Archon  
Show
View Real Time Build Order
Export as new Build Order

Jimothy Terran - Winner!

Build Orders: MMM Bio 

Get SALT Encoding   

  12  0:01  SCV  
  13  0:13  SCV  
  14  0:18  Supply Depot  
  14  0:25  SCV  
  15  0:40  SCV  
  15  0:41  Barracks  
  16  0:46  Refinery  
  16  0:52  SCV  
  17  1:04  SCV  
  18  1:16  SCV  
  19  1:28  Marine  
  19  1:31  Command Center  
  20  1:41  Orbital Command  
  20  1:46  Marine  
  21  1:50  Supply Depot  
  21  2:04  Marine  
  22  2:09  Factory, SCV  
  23  2:22  Marine  
  24  2:25  SCV  
  24  2:26  Barracks  
  25  2:38  SCV  
  25  2:40  Marine  
  27  2:46  Orbital Command  
  27  2:57  Widow Mine, Marine  
  27  2:58  Starport  
  30  3:00  SCV  
  30  3:05  Orbital Command  
  31  3:16  Barracks Reactor  
  31  3:20  Bunker  
  31  3:25  Barracks Tech Lab  
  31  3:27  Refinery  
  31  3:29  SCV  
  31  3:33  SCV  
  33  3:36  Refinery  
  33  3:41  SCV  
  33  3:45  SCV  
  35  3:51  Supply Depot  
  35  3:53  SCV  
  36  3:55  Marine  
  36  3:56  Marine x2  
  36  3:58  SCV  
  36  3:59  Stimpack  
  40  4:05  SCV  
  41  4:10  SCV  
  41  4:11  Engineering Bay  
  41  4:13  Marine  
  43  4:17  SCV  
  43  4:21  Marine x2  
  43  4:22  Medivac  
  48  4:24  Widow Mine  
  48  4:26  SCV  
  48  4:29  SCV  
  52  4:31  Marine  
  52  4:33  Supply Depot  
  53  4:40  Marine  
  53  4:43  Supply Depot  
  54  4:54  SCV x2, Marine x2, Terran Infantry Weapons Level 1  
  54  4:56  Missile Turret  
  54  4:57  Missile Turret  
  54  4:58  Marine  
  59  5:00  Widow Mine  
  59  5:02  Starport Reactor  
  59  5:06  SCV  
  59  5:07  SCV  
  63  5:12  Marine x2  
  65  5:16  Marine  
  66  5:22  Supply Depot  
  66  5:24  SCV x2  
  68  5:30  Marine x2  
  70  5:36  Supply Depot  
  70  5:44  Marine  
  70  5:45  Widow Mine  
  70  5:46  Medivac  
  70  5:47  Medivac  
  70  5:48  Marine  
  78  5:55  Barracks  
  78  5:57  Barracks, Marine  
  78  5:58  SCV x2  
  78  6:01  Combat Shields  
  78  6:02  Marine  
  82  6:05  Marine  
  83  6:15  Marine  
  84  6:19  Marine  
  84  6:24  Marine  
  86  6:31  Supply Depot  
  86  6:34  Supply Depot  
  86  6:36  Command Center  
  86  6:38  Marine  
  85  6:42  Medivac  
  85  6:44  Barracks Reactor, Barracks Tech Lab  
  85  6:46  Marine  
  86  6:49  Refinery  
  86  6:52  Marine, Medivac  
  89  6:56  Marauder  
  89  6:57  SCV x2  
  93  7:05  Marauder, Marine  
  96  7:09  SCV, Supply Depot  
  96  7:10  Marine  
  96  7:11  Supply Depot  
  96  7:12  Supply Depot  
  96  7:13  Factory Reactor  
  98  7:16  Terran Infantry Armor Level 1  
  98  7:17  Marauder  
  100  7:28  Marauder  
  102  7:30  Marine x2  
  104  7:38  Marine x2  
  104  7:39  Marauder  
  104  7:41  SCV x2  
  110  7:46  Concussive Shells  
  110  7:47  Medivac x2  
  110  7:48  Marine x2  
  110  7:49  Marauder  
  110  7:51  Orbital Command  
  118  7:53  SCV  
  119  8:04  Marauder, Marine x2  
  123  8:06  Marine  
  123  8:07  SCV  
  123  8:08  SCV  
  123  8:11  Marauder  
  116  8:15  Marine  
  105  8:21  Marine  
  94  8:43  Marine  
  94  8:44  Marauder x2, Marine  
  87  8:52  Marine x2  
  87  9:01  Marine, Medivac  
  87  9:02  Command Center, Medivac  
  92  9:05  Marauder x2  
  92  9:07  Marine  
  92  9:08  Widow Mine x2  
  92  9:09  Armory, Engineering Bay  
  101  9:10  Marine  
  101  9:11  SCV x2  
  104  9:23  Command Center  
  104  9:26  Marauder  
  104  9:27  Marauder  
  108  9:43  Marine x4  
  112  9:47  Marine  
  113  10:01  Terran Infantry Weapons Level 2  
  103  10:19  Orbital Command  
  103  10:31  Marauder x2, Marine x2  
  109  10:39  Marine x2  
  111  10:48  Marine  
  111  10:52  Marauder x2  
  114  10:59  Marine x2  
  114  11:00  Marine  
  116  11:06  Marine  
  116  11:10  Supply Depot x2  
  117  11:12  Orbital Command  
  117  11:14  Marauder x2  
  117  11:16  Marine  
  117  11:17  Marine x2  
  124  11:23  Barracks x2  
  124  11:35  Marauder x2  
  124  11:38  Marine x4  
  132  11:43  Ghost Academy  
  132  11:56  Orbital Command, Marauder x2, Marine x4  
  141  12:22  Barracks Tech Lab x2  
Show
View Real Time Build Order
Export as new Build Order

SunSeT Protoss - Winner!

Build Orders:  

Get SALT Encoding   

  12  0:00  Probe (Chrono Boost)  
  13  0:11  Probe (Chrono Boost)  
  14  0:18  Pylon  
  14  0:22  Probe (Chrono Boost)  
  15  0:36  Gateway, Probe (Chrono Boost)  
  15  0:41  Assimilator  
  16  0:46  Probe (Chrono Boost)  
  18  0:57  Probe (Chrono Boost)  
  18  0:58  Assimilator  
  18  1:07  Probe (Chrono Boost)  
  18  1:10  Gateway  
  19  1:18  Probe (Chrono Boost)  
  20  1:24  Cybernetics Core  
  20  1:29  Probe (Chrono Boost)  
  20  1:31  Pylon  
  21  1:39  Probe (Chrono Boost)  
  22  1:57  Warp Gate  
  22  1:59  Stalker x2  
  26  2:07  Mothership Core (Chrono Boost)  
  28  2:11  Pylon  
  32  2:35  Probe (Chrono Boost)  
  29  2:43  Nexus  
  29  2:48  Stalker  
  29  2:49  Stalker  
  33  3:01  Pylon  
  33  3:19  Stalker  
  33  3:23  Stalker  
  33  3:25  Probe (Chrono Boost)  
  36  3:46  Probe (Chrono Boost)  
  35  3:49  Twilight Council  
  35  3:52  Robotics Facility  
  35  3:57  Probe (Chrono Boost)  
  35  3:59  Probe (Chrono Boost)  
  37  4:06  Sentry x2  
  37  4:08  Probe (Chrono Boost)  
  42  4:10  Probe (Chrono Boost)  
  42  4:13  Blink  
  43  4:18  Probe (Chrono Boost)  
  43  4:21  Probe (Chrono Boost)  
  45  4:30  Probe (Chrono Boost)  
  47  4:31  Probe (Chrono Boost)  
  47  4:37  Observer  
  47  4:42  Probe (Chrono Boost)  
  47  4:43  Probe (Chrono Boost)  
  50  4:49  Gateway  
  50  4:50  Gateway  
  50  4:53  Gateway  
  50  4:54  Probe (Chrono Boost)  
  50  4:55  Probe (Chrono Boost)  
  52  5:02  Immortal  
  52  5:06  Probe (Chrono Boost)  
  57  5:23  Pylon  
  57  5:26  Pylon, Assimilator  
  57  5:28  Probe x2 (Chrono Boost)  
  59  5:29  Stalker  
  61  5:39  Warp Prism  
  61  5:47  Pylon  
  63  5:50  Stalker  
  65  6:00  Stalker x4  
  73  6:19  Pylon  
  73  6:21  Pylon  
  73  6:26  Forge  
  73  6:29  Stalker x5  
  77  7:02  Stalker x5  
  73  7:29  Protoss Ground Weapons Level 1  
  54  7:40  Stalker x3  
  54  7:41  Stalker x2  
  54  7:52  Probe x2 (Chrono Boost), Immortal  
  54  7:58  Assimilator  
  58  8:00  Nexus  
  58  8:07  Stalker x2, Pylon  
  64  8:12  Probe (Chrono Boost)  
  64  8:13  Probe (Chrono Boost)  
  64  8:17  Pylon  
  64  8:25  Probe (Chrono Boost)  
  64  8:26  Photon Cannon  
  65  8:29  Stalker x3, Observer  
  73  8:36  Probe (Chrono Boost)  
  73  8:37  Stalker, Probe (Chrono Boost)  
  73  8:56  Stalker x4  
  73  9:02  Immortal  
  83  9:12  Probe (Chrono Boost)  
  83  9:14  Probe x2 (Chrono Boost)  
  86  9:23  Probe (Chrono Boost)  
  87  9:25  Stalker x2  
  87  9:26  Probe (Chrono Boost)  
  92  9:35  Stalker x2  
  94  9:50  Stalker x3  
  100  9:56  Immortal  
  100  9:59  Stalker x2  
  106  10:14  Stalker x3  
  106  10:20  Probe (Chrono Boost)  
  115  10:21  Probe x2 (Chrono Boost)  
  115  10:22  Assimilator  
  115  10:33  Probe (Chrono Boost)  
  110  10:42  Probe (Chrono Boost)  
  106  10:43  Probe (Chrono Boost)  
  106  10:44  Stalker x5  
  106  10:45  Probe (Chrono Boost)  
  117  10:57  Photon Cannon  
  117  10:59  Assimilator, Immortal  
  117  11:00  Photon Cannon  
  117  11:01  Pylon  
  117  11:11  Sentry x2  
  123  11:16  Pylon  
  125  11:23  Stalker x3  
  131  11:48  Stalker x5  
  141  12:13  Pylon  
  141  12:16  Pylon  
  141  12:21  Gateway x2  
  133  12:24  Gateway  
  133  12:27  Gateway  
Show
View Real Time Build Order
Export as new Build Order

Loken Protoss 

Build Orders:  

Get SALT Encoding   

  12  0:02  Probe (Chrono Boost)  
  13  0:12  Probe (Chrono Boost)  
  14  0:23  Probe (Chrono Boost)  
  14  0:25  Pylon  
  15  0:44  Probe (Chrono Boost)  
  15  0:45  Gateway  
  15  0:49  Assimilator  
  16  0:54  Probe (Chrono Boost)  
  17  1:05  Assimilator, Probe (Chrono Boost)  
  17  1:10  Pylon  
  18  1:15  Probe (Chrono Boost)  
  19  1:27  Probe (Chrono Boost)  
  19  1:32  Cybernetics Core  
  20  1:35  Gateway  
  20  1:38  Probe (Chrono Boost)  
  21  1:48  Probe (Chrono Boost)  
  21  1:52  Zealot  
  24  2:00  Gateway  
  24  2:09  Pylon  
  24  2:11  Warp Gate  
  24  2:17  Probe (Chrono Boost)  
  24  2:19  Stalker  
  27  2:24  Stalker  
  29  2:33  Probe (Chrono Boost)  
  30  2:56  Nexus  
  28  3:15  Stalker x2  
  28  3:17  Stalker  
  28  3:40  Probe (Chrono Boost)  
  24  3:51  Probe (Chrono Boost)  
  25  4:02  Probe (Chrono Boost)  
  25  4:12  Probe x2 (Chrono Boost)  
  27  4:21  Pylon  
  27  4:22  Probe (Chrono Boost)  
  27  4:23  Probe (Chrono Boost)  
  29  4:33  Probe x2 (Chrono Boost)  
  31  4:43  Probe (Chrono Boost)  
  31  4:44  Probe (Chrono Boost)  
  33  4:54  Probe x2 (Chrono Boost)  
  33  4:59  Twilight Council  
  35  5:04  Probe (Chrono Boost)  
  35  5:05  Probe (Chrono Boost)  
  37  5:08  Gateway  
  37  5:14  Gateway  
  37  5:15  Probe x2 (Chrono Boost)  
  39  5:23  Gateway  
  39  5:25  Probe (Chrono Boost)  
  39  5:26  Probe (Chrono Boost)  
  41  5:28  Gateway  
  41  5:36  Probe (Chrono Boost)  
  41  5:37  Probe (Chrono Boost)  
  43  5:46  Dark Shrine, Probe (Chrono Boost)  
  43  5:48  Probe (Chrono Boost)  
  45  5:50  Stalker  
  45  5:52  Stalker  
  49  5:57  Stalker  
  51  6:12  Stalker  
  51  6:13  Stalker  
  55  6:19  Pylon x2  
  55  6:26  Stalker x2  
  55  6:29  Stalker  
  55  6:31  Assimilator  
  61  6:35  Assimilator  
  61  6:37  Forge  
  61  6:43  Pylon  
  61  7:00  Stalker x3  
  61  7:01  Stalker x2  
  69  7:28  Stalker  
  69  7:29  Stalker x5  
  77  7:57  Dark Templar  
  77  7:58  Dark Templar x4  
  79  7:59  Dark Templar  
  69  8:24  Probe (Chrono Boost)  
  70  8:34  Probe (Chrono Boost)  
  71  8:47  Probe (Chrono Boost)  
  62  8:57  Probe (Chrono Boost)  
  59  9:05  Stalker  
  59  9:06  Stalker x3  
  59  9:08  Probe (Chrono Boost)  
  48  9:41  Stalker x2  
  48  9:42  Stalker x2  
  48  9:43  Stalker  
  58  10:21  Dark Templar x2  
  58  10:22  Dark Templar x2  
  26  11:04  Dark Templar x2, Nexus  
  30  11:31  Dark Templar x3  
  30  11:32  Dark Templar x2  
  22  12:17  Zealot x3  
  22  12:18  Zealot x4  
Show
View Real Time Build Order
Export as new Build Order

dallaskuken Protoss 

Build Orders:  

Get SALT Encoding   

  12  0:01  Probe (Chrono Boost)  
  13  0:11  Probe (Chrono Boost)  
  14  0:19  Pylon  
  14  0:23  Probe (Chrono Boost)  
  15  0:38  Gateway  
  15  0:39  Probe (Chrono Boost)  
  17  0:50  Probe (Chrono Boost)  
  17  1:00  Probe (Chrono Boost)  
  17  1:04  Gateway  
  18  1:08  Assimilator  
  18  1:11  Assimilator, Probe (Chrono Boost)  
  19  1:21  Probe (Chrono Boost)  
  19  1:22  Pylon  
  20  1:30  Cybernetics Core  
  20  1:32  Probe (Chrono Boost)  
  21  1:42  Probe (Chrono Boost)  
  22  1:53  Probe (Chrono Boost)  
  23  1:54  Warp Gate  
  23  2:04  Probe (Chrono Boost)  
  23  2:06  Stalker  
  23  2:07  Stalker  
  29  2:16  Probe (Chrono Boost)  
  31  2:30  Mothership Core (Chrono Boost)  
  31  2:44  Nexus  
  31  2:47  Pylon  
  31  2:52  Pylon  
  31  3:05  Stalker  
  33  3:13  Stalker  
  35  3:32  Probe (Chrono Boost)  
  35  3:33  Gateway  
  36  3:35  Stalker  
  38  3:44  Probe (Chrono Boost)  
  39  3:57  Probe (Chrono Boost)  
  40  4:07  Probe (Chrono Boost)  
  40  4:08  Probe (Chrono Boost)  
  42  4:18  Gateway, Probe (Chrono Boost)  
  42  4:19  Gateway  
  42  4:20  Probe (Chrono Boost)  
  42  4:21  Gateway  
  44  4:28  Probe (Chrono Boost)  
  46  4:33  Probe (Chrono Boost)  
  46  4:39  Probe (Chrono Boost)  
  46  4:44  Stalker x2  
  51  4:50  Probe (Chrono Boost)  
  51  4:51  Assimilator  
  52  4:53  Assimilator  
  52  4:58  Robotics Facility  
  52  5:12  Stalker x2, Pylon x2  
  52  5:13  Stalker  
  58  5:14  Pylon  
  58  5:15  Pylon  
  58  5:19  Probe (Chrono Boost)  
  59  5:26  Stalker  
  61  5:30  Probe (Chrono Boost)  
  61  5:31  Sentry x2  
  66  5:41  Probe (Chrono Boost)  
  66  5:49  Observer  
  62  5:51  Probe (Chrono Boost)  
  64  6:14  Observer  
  63  6:47  Immortal  
  63  6:50  Stalker x3  
  63  6:51  Stalker  
  73  7:21  Immortal  
  75  7:48  Stalker x5  
  75  7:49  Stalker  
  87  7:55  Immortal  
  49  9:04  Stalker x5  
  49  9:05  Stalker  
  61  9:13  Immortal  
  63  9:31  Twilight Council  
  63  9:32  Robotics Bay  
  63  9:48  Nexus  
  63  9:50  Stalker  
  63  9:51  Stalker x4  
  63  9:52  Assimilator  
  73  9:56  Assimilator  
  55  10:25  Stalker  
  55  10:26  Stalker x3  
  62  10:48  Stalker x3  
  62  10:49  Stalker  
Show
View Real Time Build Order
Export as new Build Order

Myran Protoss 

Build Orders:  

Get SALT Encoding   

  12  0:01  Probe (Chrono Boost)  
  13  0:18  Pylon  
  13  0:22  Probe (Chrono Boost)  
  14  0:33  Probe (Chrono Boost)  
  15  0:42  Gateway  
  15  0:43  Probe (Chrono Boost)  
  16  0:57  Assimilator  
  16  0:58  Probe (Chrono Boost)  
  17  1:08  Forge  
  17  1:10  Probe (Chrono Boost)  
  18  1:17  Pylon  
  18  1:21  Probe (Chrono Boost)  
  19  1:26  Assimilator  
  19  1:32  Probe (Chrono Boost)  
  20  1:42  Cybernetics Core, Probe (Chrono Boost)  
  21  1:53  Probe (Chrono Boost)  
  22  1:56  Photon Cannon  
  22  2:03  Probe (Chrono Boost)  
  23  2:20  Stargate  
  23  2:23  Probe (Chrono Boost)  
  24  2:30  Pylon  
  24  2:33  Probe (Chrono Boost)  
  25  2:46  Photon Cannon  
  25  2:47  Pylon  
  25  2:50  Probe (Chrono Boost)  
  26  3:00  Void Ray  
  26  3:02  Probe (Chrono Boost)  
  31  3:17  Zealot  
  33  3:21  Probe (Chrono Boost)  
  34  3:34  Probe (Chrono Boost)  
  35  3:39  Stargate  
  35  3:42  Robotics Facility  
  35  3:44  Pylon, Void Ray  
  39  4:20  Void Ray  
  43  4:33  Warp Prism  
  45  4:41  Void Ray  
  49  5:04  Void Ray  
  54  5:22  Probe (Chrono Boost)  
  54  5:29  Nexus  
  54  5:34  Probe (Chrono Boost)  
  55  5:40  Pylon  
  55  5:43  Pylon  
  55  5:58  Void Ray  
  55  6:00  Probe (Chrono Boost)  
  61  6:12  Probe (Chrono Boost)  
  61  6:39  Void Ray  
  61  6:43  Void Ray  
  42  7:58  Void Ray  
  42  8:03  Void Ray  
  50  8:11  Nexus  
  50  8:29  Pylon x2  
  50  8:39  Void Ray  
  50  8:41  Assimilator  
  50  8:43  Assimilator  
  50  8:46  Void Ray  
  58  9:18  Void Ray  
  62  9:34  Probe (Chrono Boost)  
  63  9:44  Probe (Chrono Boost)  
  64  9:55  Probe (Chrono Boost)  
  65  10:00  Void Ray  
  65  10:05  Probe (Chrono Boost), Void Ray  
  74  10:16  Probe (Chrono Boost)  
  74  10:20  Assimilator  
  75  10:24  Assimilator  
  75  10:26  Probe (Chrono Boost), Protoss Air Weapons Level 1  
  76  10:31  Probe (Chrono Boost)  
  77  10:37  Probe (Chrono Boost)  
  79  10:43  Probe (Chrono Boost)  
  79  10:47  Probe (Chrono Boost)  
  80  10:55  Probe (Chrono Boost)  
  81  10:58  Probe (Chrono Boost)  
  81  11:01  Void Ray  
  82  11:07  Void Ray  
  82  11:08  Probe (Chrono Boost)  
  91  11:19  Probe (Chrono Boost)  
  92  11:29  Probe (Chrono Boost)  
  93  11:45  Stargate  
  93  11:47  Stargate  
Tags
 
Add a new tag
Caveats
  • Supply blocks, unpowered buildings, or Contaminate may cause inaccurate times.
  • Supply counts are checked every 10 seconds.